Cogmind - Beta 12 @@@ ROGUE MODE // 2023.03.05 @ 21:58:26 Player: Dizzar Result: Escaped! Performance ------------- Evolutions (9) 4500 Regions Visited (16) 3200 Robots Destroyed (24) 120 Value Destroyed (312) 312 Prototype IDs (42) 840 Alien Tech Used (0) 0 Bonus (4534) 4534 TOTAL SCORE: 13506 Bonus ------- Aligned with FarCom 300 Met Data Miner 300 Win 3000 Win Speed 982 Friendly Fire -48 Cogmind --------- Core Integrity 897/1600 Matter 160/300 Energy 100/100 System Corruption 2% Temperature Cool (3) Movement Flying (45) Location To Epsilon Eridani Parts ------- > --- POWER (2) -------- (None) > --- PROPULSION (5) --- Impulse Thruster Array > --- UTILITY (16) ----- Advanced Weight Redist. System Advanced Signal Interpreter 0b10 Alert Chip Hacking Suite Hacking Suite Advanced Hacking Suite System Shield System Shield Advanced System Shield > --- WEAPON (2) ------- Compact Mass Driver > --- INVENTORY (5) ---- (None) Peak State ------------ > --- POWER ------------ Quantum Reactor Light Quantum Reactor > --- PROPULSION ------- Diametric Drive Impulse Thruster Array Impulse Thruster Array > --- UTILITY ---------- Advanced Weight Redist. System Long-range Sensor Array Advanced Signal Interpreter 0b10 Alert Chip Advanced Reaction Control System Utility Shielding Hacking Suite Hacking Suite Advanced Hacking Suite System Shield System Shield System Shield Advanced System Shield > --- WEAPON ----------- Compact Mass Driver > --- INVENTORY -------- Antimatter Reactor Field Propulsion Array Impulse Thruster Array [Rating: 126] Favorites ----------- Power Light Fission Core Engine Ion Engine Power Core Light Fission Core Reactor Light Quantum Reactor Propulsion VTOL Module Leg Aluminum Leg Wheel Compact Wheel Flight Unit VTOL Module Utility Hacking Suite Device ECM Suite Storage Small Storage Unit Processor 0b10 Alert Chip Hackware Hacking Suite Protection Utility Shielding Weapon Katana Energy Gun Medium Laser Ballistic Gun Light Assault Rifle Ballistic Cannon Compact Mass Driver Launcher Grenade Launcher Slashing Weapon Katana Build | -11 -10 -10 -10 -9 -8 -7 -6 -6 -6 -6 -5 -5 -4 -3 -2 -1 ------- Run | Jun Mat Min Exi Min Mat Fac Fac Low Low Dat Pro Fac Fac Res Res Acc Slots Evolved 18 | . . . . . 4 2 2 . . . . 2 2 2 2 2 Power 1 | . . . . . . . . . . . . . 1 . . . Propulsion 3 | . . . . . 1 1 . . . . . 1 . . . . Utility 14 | . . . . . 3 1 2 . . . . 1 1 2 2 2 Weapon . | . . . . . . . . . . . . . . . . . Parts Attached 69 | . 1 3 . 2 14 14 5 3 . . . . 4 7 6 10 Power 11 | . . 1 . . 1 1 1 . . . . . 1 1 2 3 Engine 3 | . . 1 . . 1 1 . . . . . . . . . . Core 1 | . . . . . . . 1 . . . . . . . . . Reactor 7 | . . . . . . . . . . . . . 1 1 2 3 Propulsion 20 | . . 2 . . 4 4 2 . . . . . 1 2 1 4 Treads . | . . . . . . . . . . . . . . . . . Leg 1 | . . . . . 1 . . . . . . . . . . . Wheel 2 | . . 2 . . . . . . . . . . . . . . Hover . | . . . . . . . . . . . . . . . . . Flight 17 | . . . . . 3 4 2 . . . . . 1 2 1 4 Utility 26 | . 1 . . 1 4 4 2 3 . . . . 2 3 3 3 Device 12 | . 1 . . . 1 2 . 2 . . . . . 1 2 3 Storage 1 | . . . . 1 . . . . . . . . . . . . Processor 3 | . . . . . 1 . . 1 . . . . . . 1 . Hackware 8 | . . . . . 1 2 2 . . . . . 2 1 . . Protection 2 | . . . . . 1 . . . . . . . . 1 . . Artifact . | . . . . . . . . . . . . . . . . . Weapon 12 | . . . . 1 5 5 . . . . . . . 1 . . Energy Gun . | . . . . . . . . . . . . . . . . . Energy Cannon . | . . . . . . . . . . . . . . . . . Ballistic Gun 1 | . . . . . 1 . . . . . . . . . . . Ballistic Cannon 1 | . . . . . . . . . . . . . . 1 . . Launcher 4 | . . . . 1 2 1 . . . . . . . . . . Special Weapon . | . . . . . . . . . . . . . . . . . Impact Weapon . | . . . . . . . . . . . . . . . . . Slashing Weapon 6 | . . . . . 2 4 . . . . . . . . . . Piercing Weapon . | . . . . . . . . . . . . . . . . . Special Melee Weapon . | . . . . . . . . . . . . . . . . . Unidentified Prototypes 2 | . . . . . . . . . . . . . . 1 . 1 Parts Lost 26 | . . 2 . 1 . 6 . . . . . . 4 2 . 11 Power 5 | . . 1 . . . 1 . . . . . . . . . 3 Propulsion 11 | . . 1 . 1 . 3 . . . . . . 2 . . 4 Utility 8 | . . . . . . 1 . . . . . . 1 2 . 4 Weapon 2 | . . . . . . 1 . . . . . . 1 . . . Highest Loss Streak 11 | . . 2 . 1 . 4 . . . . . . 3 1 . 11 To Critical Strikes . | . . . . . . . . . . . . . . . . . Average Slot Usage (%) 82 | . 98 97 100 85 84 84 77 92 93 93 93 82 76 68 77 71 Engine 4 | . 14 12 14 14 9 5 . . . . . . . . . . Core 1 | . . . . . . . 4 6 6 6 6 5 5 4 . . Reactor 1 | . . . . . . . . . . . . . . . 8 7 Leg 1 | . 28 14 . . . . . . . . . . . . . . Wheel 2 | . . 12 28 14 2 . . . . . . . . . . . Flight 17 | . . . . . 19 27 21 26 26 26 26 23 19 16 13 11 Device 8 | . 12 14 14 14 11 10 . 6 6 6 6 5 5 5 7 10 Storage 2 | . 14 14 14 14 2 . . . . . . . . . . . Processor 7 | . . . . . 9 7 6 12 13 13 13 11 10 9 8 8 Hackware 20 | . . . . . 3 17 30 33 33 33 33 29 32 29 30 27 Protection 3 | . . . . . 9 7 6 . . . . . . . 4 3 Energy Gun 1 | . 14 14 14 . . . . . . . . . . . . . Ballistic Gun 2 | . 14 14 14 14 9 . . . . . . . . . . . Launcher 1 | . . . . 14 7 . . . . . . . . . . . Slashing Weapon 2 | . . . . . . 6 6 6 6 6 6 5 3 . . . Naked Turns . | . . . . . . . . . . . . . . . . . Heaviest Build 47 | 13 15 15 15 21 23 18 10 10 10 10 10 10 10 31 45 47 Greatest Support 48 | 20 20 26 26 16 20 18 22 22 22 22 22 22 29 37 47 48 Greatest Overweight (x) 1 | . . 1 . 1 1 . . . . . . . . . . 1 Average Overweight (x) . | . . . . . . . . . . . . . . . . . Largest Inventory Capacity 10 | . 8 8 8 10 10 5 5 5 5 5 5 5 5 5 5 5 Average Capacity 5 | . 8 8 8 9 6 5 5 5 5 5 5 5 5 5 5 5 Most Carried 9 | . 8 8 8 9 9 5 4 3 3 3 3 4 4 5 5 5 Average Carried 4 | . 6 7 7 8 5 4 2 2 3 3 3 3 3 4 4 4 Final Capacity 10 | 8 8 8 8 10 5 5 5 5 5 5 5 5 5 5 5 5 Final Carried 9 | 6 8 7 8 9 5 4 3 3 3 3 3 4 4 5 5 . Class Distribution -------------------- 23% | Hacker-Sprinter 18% | Wizard-Scout 16% | Mutant 16% | Hacker-Scout 11% | Wizard-Mutant 5% | Sprinter 3% | Infiltrator-Sprinter Dominant Class ---------------- Mutant | -10/Materials Mutant | -10/Mines Mutant | -10/Exiles Mutant | -9/Mines Sprinter | -8/Materials Hacker-Sprinter | -7/Factory Hacker-Sprinter | -6/Factory Hacker-Scout | -6/Lower Caves Hacker-Scout | -6/Lower Caves Hacker-Scout | -6/Data Miner Hacker-Scout | -5/Proximity Caves Hacker-Scout | -5/Factory Wizard-Scout | -4/Factory Wizard-Scout | -3/Research Wizard-Mutant | -2/Research Wizard-Scout | -1/Access Resources | -11 -10 -10 -10 -9 -8 -7 -6 -6 -6 -6 -5 -5 -4 -3 -2 -1 ----------- Run | Jun Mat Min Exi Min Mat Fac Fac Low Low Dat Pro Fac Fac Res Res Acc Matter Collected 1074 | 200 20 14 . 61 12 327 . 106 . . 2 . . . 7 325 Remotely . | . . . . . . . . . . . . . . . . . Salvage Created 560 | . 122 43 . 36 34 325 . . . . . . . . . . Parts 40 | . 10 4 . 5 6 15 . . . . . . . . . . Haulers Intercepted 2 | . 2 . . . . . . . . . . . . . . . Recyclers Shooed 1 | . . . . . . 1 . . . . . . . . . . Parts Field Recycled . | . . . . . . . . . . . . . . . . . Retrieved Matter . | . . . . . . . . . . . . . . . . . Parts Self-Destructed . | . . . . . . . . . . . . . . . . . Prevented . | . . . . . . . . . . . . . . . . . Kills | -11 -10 -10 -10 -9 -8 -7 -6 -6 -6 -6 -5 -5 -4 -3 -2 -1 ------- Run | Jun Mat Min Exi Min Mat Fac Fac Low Low Dat Pro Fac Fac Res Res Acc Combat Hostiles Destroyed 12 | . 1 3 . 4 1 3 . . . . . . . . . . Guns 5 | . 1 3 . . 1 . . . . . . . . . . . AOE 7 | . . . . 4 . 3 . . . . . . . . . . Classes Destroyed 9 | . 3 . . 1 1 4 . . . . . . . . . . Worker 3 | . 1 . . . 1 1 . . . . . . . . . . Tunneler 1 | . . . . . 1 . . . . . . . . . . . Hauler 2 | . 2 . . . . . . . . . . . . . . . Recycler 3 | . . . . . . 3 . . . . . . . . . . Operator 1 | . . . . . . 1 . . . . . . . . . . Watcher 1 | . . . . . . 1 . . . . . . . . . . Swarmer 9 | . 1 3 . 4 1 . . . . . . . . . . . Cutter 3 | . . . . . . 3 . . . . . . . . . . Zionite 1 | . . . . 1 . . . . . . . . . . . . Best Kill Streak 4 | . 2 3 . 4 2 4 . . . . . . . . . . Combat Bots Only 4 | . 1 3 . 4 1 3 . . . . . . . . . . Max Kills in Single Turn 4 | . 1 1 . 4 1 2 . . . . . . . . . . Gunslinging . | . . . . . . . . . . . . . . . . . Exploded 3 | . . . . 3 . 2 . . . . . . . . . . Melee . | . . . . . . . . . . . . . . . . . Uniques/NPCs Destroyed . | . . . . . . . . . . . . . . . . . Combat | -11 -10 -10 -10 -9 -8 -7 -6 -6 -6 -6 -5 -5 -4 -3 -2 -1 -------- Run | Jun Mat Min Exi Min Mat Fac Fac Low Low Dat Pro Fac Fac Res Res Acc Damage Taken 3299 | . 123 215 . 120 44 467 52 . . . . . 131 125 116 1906 Core 1007 | . 21 20 . 25 44 138 . . . . . . . 29 27 703 Absorbed by Shields . | . . . . . . . . . . . . . . . . . Redirected to Shielding 56 | . . . . . . 8 . . . . . . . 13 6 29 Core Remaining (%) 89 | 100 . . . 73 92 80 . . . . 100 100 100 97 98 56 Volleys Fired 75 | . 15 13 . 2 16 4 . . . . . . . 1 6 18 Largest 2 | . 2 2 . 2 1 1 . . . . . . . 1 1 1 Hottest 70 | . 70 70 . 50 30 36 . . . . . . . 66 66 66 Shots Fired 105 | . 30 26 . 4 16 4 . . . . . . . 1 6 18 Gun 61 | . 30 26 . 2 3 . . . . . . . . . . . Cannon 25 | . . . . . . . . . . . . . . 1 6 18 Launcher 19 | . . . . 2 13 4 . . . . . . . . . . Special . | . . . . . . . . . . . . . . . . . Kinetic 58 | . 15 13 . 2 3 . . . . . . . . 1 6 18 Thermal 28 | . 15 13 . . . . . . . . . . . . . . Explosive 19 | . . . . 2 13 4 . . . . . . . . . . Electromagnetic . | . . . . . . . . . . . . . . . . . Robot Hit Streak 9 | . 9 3 . 3 1 2 . . . . . . . . 5 . Robot Miss Streak 3 | . 1 3 . 1 2 1 . . . . . . . . . . Penetration Max . | . . . . . . . . . . . . . . . . . Secondary Targets 1 | . . 1 . . . . . . . . . . . . . . Max Gunslinging Chain 1 | . . 1 . . . . . . . . . . . . . . Shots Hit Robots 54 | . 22 12 . 2 1 12 2 . . . . . . . 3 . Core Hits 32 | . 6 5 . 5 6 10 . . . . . . . . . . Critical Kills . | . . . . . . . . . . . . . . . . . Critical Parts Destroyed . | . . . . . . . . . . . . . . . . . Critical Strikes 2 | . 2 . . . . . . . . . . . . . . . Burn 2 | . 2 . . . . . . . . . . . . . . . Melee Attacks 58 | . . . . . 1 38 6 1 . . . 2 10 . . . Impact . | . . . . . . . . . . . . . . . . . Slashing 58 | . . . . . 1 38 6 1 . . . 2 10 . . . Piercing . | . . . . . . . . . . . . . . . . . Sneak Attacks 5 | . . . . . . 5 . . . . . . . . . . Combat Hostiles . | . . . . . . . . . . . . . . . . . Follow-up Attacks . | . . . . . . . . . . . . . . . . . Damage Inflicted 1809 | . 243 135 . 236 97 908 72 . . . . . . . 118 . Guns 387 | . 243 135 . . 9 . . . . . . . . . . . Cannons 118 | . . . . . . . . . . . . . . . 118 . Explosions 673 | . . . . 236 88 349 . . . . . . . . . . Melee 631 | . . . . . . 559 72 . . . . . . . . . Ramming . | . . . . . . . . . . . . . . . . . Kinetic 244 | . 68 49 . . 9 . . . . . . . . . 118 . Thermal 261 | . 175 86 . . . . . . . . . . . . . . Explosive 654 | . . . . 236 69 349 . . . . . . . . . . Electromagnetic 19 | . . . . . 19 . . . . . . . . . . . Impact . | . . . . . . . . . . . . . . . . . Slashing 631 | . . . . . . 559 72 . . . . . . . . . Piercing . | . . . . . . . . . . . . . . . . . Highest Corruption 2 | . . . . . . 2 . . . . . . . . 1 2 Average Corruption 1 | . . . . . . 2 . . . . . . . . 1 1 Corruption Purged . | . . . . . . . . . . . . . . . . . Corruption Blocked . | . . . . . . . . . . . . . . . . . Effects 20 | . . . . . . 14 . . . . . . . . 1 5 Message Errors 1 | . . . . . . 1 . . . . . . . . . . Matter Fused 3 | . . . . . . 2 . . . . . . . . . 1 Heat Flow Errors 6 | . . . . . . 4 . . . . . . . . . 2 Energy Discharges 4 | . . . . . . 2 . . . . . . . . 1 1 Parts Rejected 1 | . . . . . . . . . . . . . . . . 1 Data Loss (minor) 5 | . . . . . . 5 . . . . . . . . . . Overload Shots . | . . . . . . . . . . . . . . . . . Overflow Damage 186 | . . . . 12 . 157 1 . . . . . . . 16 . Projectiles 16 | . . . . . . . . . . . . . . . 16 . Explosions 47 | . . . . 12 . 35 . . . . . . . . . . Melee 123 | . . . . . . 122 1 . . . . . . . . . Knockbacks . | . . . . . . . . . . . . . . . . . Impact . | . . . . . . . . . . . . . . . . . Kinetic . | . . . . . . . . . . . . . . . . . Secondary . | . . . . . . . . . . . . . . . . . Self-Inflicted Damage 167 | . . . . 79 33 55 . . . . . . . . . . Shots 4 | . . . . 2 1 1 . . . . . . . . . . Rammed . | . . . . . . . . . . . . . . . . . Targets Rammed . | . . . . . . . . . . . . . . . . . Kicked . | . . . . . . . . . . . . . . . . . Crushed . | . . . . . . . . . . . . . . . . . Highest Temperature 320 | . 80 80 . 10 . 268 6 . . . . . . 36 60 320 Average Temperature 55 | . 31 39 . 7 . 86 6 . . . . . . 17 23 70 Received Heat Transfer 228 | . . . . . . 96 12 . . . . . 30 18 9 63 Effects 3 | . . . . . . . . . . . . . . . . 3 Interference 3 | . . . . . . . . . . . . . . . . 3 Siege Activations . | . . . . . . . . . . . . . . . . . Robots Corrupted . | . . . . . . . . . . . . . . . . . Combat Hostiles . | . . . . . . . . . . . . . . . . . Parts Fried . | . . . . . . . . . . . . . . . . . Impact Corruptions . | . . . . . . . . . . . . . . . . . Robots Melted . | . . . . . . . . . . . . . . . . . Combat Hostiles . | . . . . . . . . . . . . . . . . . Parts Melted 2 | . 2 . . . . . . . . . . . . . . . Heat Transferred 925 | . 666 259 . . . . . . . . . . . . . . Parts Sabotaged . | . . . . . . . . . . . . . . . . . Parts Stolen . | . . . . . . . . . . . . . . . . . Parts Stripped . | . . . . . . . . . . . . . . . . . Power Chain Reactions . | . . . . . . . . . . . . . . . . . Missiles Intercepted . | . . . . . . . . . . . . . . . . . Alert | -11 -10 -10 -10 -9 -8 -7 -6 -6 -6 -6 -5 -5 -4 -3 -2 -1 ------- Run | Jun Mat Min Exi Min Mat Fac Fac Low Low Dat Pro Fac Fac Res Res Acc Peak Influence 283 | . 55 86 . 93 169 229 235 . . . . 12 180 184 137 283 Initial 103 | . . 21 . . 35 76 71 . . . . . 5 94 103 14 Average 84 | . 27 71 . 92 79 102 141 . . . . 3 77 128 119 73 Maximum Alert Level 1 | . . . . . . 1 1 . . . . . . . . 1 Low Security (%) 94 | . 100 100 . 100 100 88 85 . . . . 100 100 100 100 88 Level 1 5 | . . . . . . 11 14 . . . . . . . . 11 Level 2 . | . . . . . . . . . . . . . . . . . Level 3 . | . . . . . . . . . . . . . . . . . Level 4 . | . . . . . . . . . . . . . . . . . Level 5 . | . . . . . . . . . . . . . . . . . High Security . | . . . . . . . . . . . . . . . . . Max Security . | . . . . . . . . . . . . . . . . . Squads Dispatched 14 | . 1 . . . 1 4 1 . . . . 2 . 1 1 3 Investigation 6 | . 1 . . . . 2 1 . . . . 1 . . . 1 Extermination 2 | . . . . . . . . . . . . . . . 1 1 Reinforcement 6 | . . . . . 1 2 . . . . . 1 . 1 . 1 Assault . | . . . . . . . . . . . . . . . . . Garrison . | . . . . . . . . . . . . . . . . . Intercept . | . . . . . . . . . . . . . . . . . Searches Triggered . | . . . . . . . . . . . . . . . . . Construction Impeded . | . . . . . . . . . . . . . . . . . Haulers Reinforced . | . . . . . . . . . . . . . . . . . Active Scanning Responses . | . . . . . . . . . . . . . . . . . Cargo Convoy Interrupts . | . . . . . . . . . . . . . . . . . Stealth | -11 -10 -10 -10 -9 -8 -7 -6 -6 -6 -6 -5 -5 -4 -3 -2 -1 --------- Run | Jun Mat Min Exi Min Mat Fac Fac Low Low Dat Pro Fac Fac Res Res Acc Distress Signals 12 | . 1 . . . 3 . . . . . . . 1 . . 7 Communications Jammed . | . . . . . . . . . . . . . . . . . Distress Signals . | . . . . . . . . . . . . . . . . . Times Spotted 146 | . 10 3 . 4 12 29 7 . . . . 4 10 11 7 49 Peak Tracking Total 21 | . 8 3 . 4 10 9 4 . . . . 3 6 7 6 21 Tactical Retreats 32 | . 2 . . . 5 10 1 . . . . . 4 1 . 9 Traps | -11 -10 -10 -10 -9 -8 -7 -6 -6 -6 -6 -5 -5 -4 -3 -2 -1 ------- Run | Jun Mat Min Exi Min Mat Fac Fac Low Low Dat Pro Fac Fac Res Res Acc Traps Triggered 5 | . . . . . . 2 1 . . . . . . . 1 1 Indirectly . | . . . . . . . . . . . . . . . . . Trap Hack Attempts . | . . . . . . . . . . . . . . . . . Triggered . | . . . . . . . . . . . . . . . . . Disarmed . | . . . . . . . . . . . . . . . . . Reprogrammed . | . . . . . . . . . . . . . . . . . Reused . | . . . . . . . . . . . . . . . . . Traps Extracted . | . . . . . . . . . . . . . . . . . Installed . | . . . . . . . . . . . . . . . . . Triggered . | . . . . . . . . . . . . . . . . . Machines | -11 -10 -10 -10 -9 -8 -7 -6 -6 -6 -6 -5 -5 -4 -3 -2 -1 ---------- Run | Jun Mat Min Exi Min Mat Fac Fac Low Low Dat Pro Fac Fac Res Res Acc Machines Disabled 9 | . . 1 . . 3 4 . . . . . . . . . 1 Max in Single Turn 1 | . . 1 . . 1 1 . . . . . . . . . 1 Garrison Access 7 | . . . . . 1 3 . . . . . . . . 2 1 Machines Repaired . | . . . . . . . . . . . . . . . . . Machines Sabotaged . | . . . . . . . . . . . . . . . . . Overloaded Fab Kills . | . . . . . . . . . . . . . . . . . Hacking | -11 -10 -10 -10 -9 -8 -7 -6 -6 -6 -6 -5 -5 -4 -3 -2 -1 --------- Run | Jun Mat Min Exi Min Mat Fac Fac Low Low Dat Pro Fac Fac Res Res Acc Machines Accessed 52 | . 3 . 2 . 3 19 5 . . 4 . 1 5 1 6 3 Terminals 30 | . 3 . . . 1 11 3 . . . . . 5 1 4 2 Fabricators 3 | . . . . . . 1 1 . . . . 1 . . . . Repair Stations . | . . . . . . . . . . . . . . . . . Recycling Units 2 | . . . . . . 2 . . . . . . . . . . Scanalyzers 4 | . . . . . 1 2 1 . . . . . . . . . Garrison Access 7 | . . . . . 1 3 . . . . . . . . 2 1 Total Hacks 177 | . 10 . 2 . 16 45 22 . . 29 . 2 16 3 26 6 Successful 112 | . 3 . 2 . 13 26 17 . . 29 . 2 6 1 9 4 Failed 65 | . 7 . . . 3 19 5 . . . . . 10 2 17 2 Catastrophic 21 | . 3 . . . 1 4 . . . . . . 4 2 6 1 Database Lockouts . | . . . . . . . . . . . . . . . . . Manual 82 | . 12 . 1 . 7 23 11 . . . . . 14 2 10 2 Terminals 112 | . 10 . . . 8 32 19 . . . . . 16 3 19 5 Fabricators 4 | . . . . . . 1 1 . . . . 2 . . . . Repair Stations . | . . . . . . . . . . . . . . . . . Recycling Units 3 | . . . . . . 3 . . . . . . . . . . Scanalyzers 15 | . . . . . 7 6 2 . . . . . . . . . Garrison Access 12 | . . . . . 1 3 . . . . . . . . 7 1 Terminal Hacks 67 | . 2 . 2 . 3 9 8 . . 29 . . 3 1 7 3 Record 16 | . . . 1 . 1 . 1 . . 11 . . . 1 1 . Part Schematic 12 | . . . . . . 1 1 . . 10 . . . . . . Robot Schematic 5 | . . . . . . . . . . 5 . . . . . . Robot Analysis 1 | . 1 . . . . . . . . . . . . . . . Prototype ID Bank 6 | . . . . . . 1 2 . . 3 . . . . . . Open Door 1 | . . . . . . . . . . . . . . . . 1 Open DSF 1 | . . . . . . 1 . . . . . . . . . . Level Access Points 4 | . . . . . 1 1 . . . . . . 1 . 1 . Branch Access Points 3 | . . . . . . . 1 . . . . . . . 2 . Emergency Access Points 2 | . . . . . . 1 . . . . . . . . 1 . Machine Index 1 | . . . . . . . . . . . . . . . 1 . Terminal Index 6 | . . . . . 1 1 1 . . . . . 1 . 1 1 Locate Traps 2 | . . . . . . 1 1 . . . . . . . . . Transport Status 1 | . 1 . . . . . . . . . . . . . . . Recall Investigation 1 | . . . . . . 1 . . . . . . . . . . Recall Reinforcements 1 | . . . . . . . . . . . . . . . . 1 Registered Components 2 | . . . . . . . 1 . . . . . 1 . . . Zone Layout 1 | . . . . . . 1 . . . . . . . . . . EX-Prototype ID Bank 1 | . . . 1 . . . . . . . . . . . . . Fabricator Hacks 3 | . . . . . . . 1 . . . . 2 . . . . Load Schematic 1 | . . . . . . . . . . . . 1 . . . . Build 2 | . . . . . . . 1 . . . . 1 . . . . Repair Station Hacks . | . . . . . . . . . . . . . . . . . Recycling Unit Hacks 1 | . . . . . . 1 . . . . . . . . . . Retrieve Matter 1 | . . . . . . 1 . . . . . . . . . . Scanalyzer 13 | . . . . . 6 5 2 . . . . . . . . . Insert Component 7 | . . . . . 3 3 1 . . . . . . . . . Analyze 6 | . . . . . 3 2 1 . . . . . . . . . Garrison Access Hacks 7 | . . . . . 1 3 . . . . . . . . 2 1 Seal Access 7 | . . . . . 1 3 . . . . . . . . 2 1 Unauthorized Hacks 21 | . 1 . . . 3 8 6 . . . . . 3 . . . Terminals 19 | . 1 . . . 3 6 6 . . . . . 3 . . . Track 4 | . 1 . . . 1 . 2 . . . . . . . . . Assimilate 2 | . . . . . . 2 . . . . . . . . . . Botnet 9 | . . . . . 1 3 3 . . . . . 2 . . . Disrupt 1 | . . . . . . . . . . . . . 1 . . . Operators 3 | . . . . . 1 1 1 . . . . . . . . . Fabricators 1 | . . . . . . 1 . . . . . . . . . . Report 1 | . . . . . . 1 . . . . . . . . . . Repair Stations . | . . . . . . . . . . . . . . . . . Recycling Units 1 | . . . . . . 1 . . . . . . . . . . Reject 1 | . . . . . . 1 . . . . . . . . . . Scanalyzers . | . . . . . . . . . . . . . . . . . Garrison Access . | . . . . . . . . . . . . . . . . . Data Cores Recovered . | . . . . . . . . . . . . . . . . . Used . | . . . . . . . . . . . . . . . . . Hacking Detections 36 | . 3 . . . 2 14 4 . . . . 1 5 1 4 2 Full Trace Events 5 | . 1 . . . . 2 1 . . . . 1 . . . . Feedback Events . | . . . . . . . . . . . . . . . . . Feedback Blocked . | . . . . . . . . . . . . . . . . . Robot Schematics Acquired 5 | . . . . . . . . . . 5 . . . . . . Robots Built . | . . . . . . . . . . . . . . . . . Authchips . | . . . . . . . . . . . . . . . . . Time . | . . . . . . . . . . . . . . . . . Total Robot Build Rating . | . . . . . . . . . . . . . . . . . Part Schematics Acquired 16 | . . . . . 2 3 1 . . 10 . . . . . . Parts Built 2 | . . . . . . . 1 . . . . 1 . . . . Authchips . | . . . . . . . . . . . . . . . . . Time 148 | . . . . . . . 42 . . . . 106 . . . . Total Part Build Rating 14 | . . . . . . . 8 . . . . 6 . . . . Parts Repaired . | . . . . . . . . . . . . . . . . . Time . | . . . . . . . . . . . . . . . . . Parts Recycled . | . . . . . . . . . . . . . . . . . Recycled Matter . | . . . . . . . . . . . . . . . . . Retrieved Matter . | . . . . . . . . . . . . . . . . . Retrieved Components . | . . . . . . . . . . . . . . . . . Parts Scanalyzed 6 | . . . . . 3 2 1 . . . . . . . . . Part Schematics Acquired 4 | . . . . . 2 2 . . . . . . . . . . Parts Damaged . | . . . . . . . . . . . . . . . . . Bothacking | -11 -10 -10 -10 -9 -8 -7 -6 -6 -6 -6 -5 -5 -4 -3 -2 -1 ------------ Run | Jun Mat Min Exi Min Mat Fac Fac Low Low Dat Pro Fac Fac Res Res Acc Used RIF Installer . | . . . . . . . . . . . . . . . . . Robots Hacked . | . . . . . . . . . . . . . . . . . Non-combat . | . . . . . . . . . . . . . . . . . Combat . | . . . . . . . . . . . . . . . . . Robot Hacks Applied . | . . . . . . . . . . . . . . . . . Relay Couplers Released . | . . . . . . . . . . . . . . . . . Fabnet Peak Effective % . | . . . . . . . . . . . . . . . . . Robots Rewired . | . . . . . . . . . . . . . . . . . Allies Hacked . | . . . . . . . . . . . . . . . . . Hacks Repelled . | . . . . . . . . . . . . . . . . . Allies | -11 -10 -10 -10 -9 -8 -7 -6 -6 -6 -6 -5 -5 -4 -3 -2 -1 -------- Run | Jun Mat Min Exi Min Mat Fac Fac Low Low Dat Pro Fac Fac Res Res Acc Total Allies 1 | . . . . . . 1 . . . . . . . . . . Largest Group 1 | . . . . . . 1 . . . . . . . . . . Highest-Rated Group 26 | . . . . . . 26 . . . . . . . . . . Highest-Rated Ally 26 | . . . . . . 26 . . . . . . . . . . Total Orders . | . . . . . . . . . . . . . . . . . Ally Attacks . | . . . . . . . . . . . . . . . . . Total Damage . | . . . . . . . . . . . . . . . . . Kills . | . . . . . . . . . . . . . . . . . Allies Corrupted . | . . . . . . . . . . . . . . . . . Allies Melted . | . . . . . . . . . . . . . . . . . Intel | -11 -10 -10 -10 -9 -8 -7 -6 -6 -6 -6 -5 -5 -4 -3 -2 -1 ------- Run | Jun Mat Min Exi Min Mat Fac Fac Low Low Dat Pro Fac Fac Res Res Acc Robot Analysis Total 1 | . 1 . . . . . . . . . . . . . . . Derelict Logs Recovered 4 | . . . . 1 . . . 2 . . 1 . . . . . Drone Launches . | . . . . . . . . . . . . . . . . . Drone Recoveries . | . . . . . . . . . . . . . . . . . Exploration | -11 -10 -10 -10 -9 -8 -7 -6 -6 -6 -6 -5 -5 -4 -3 -2 -1 ------------- Run | Jun Mat Min Exi Min Mat Fac Fac Low Low Dat Pro Fac Fac Res Res Acc Turns Passed 5014 | . 257 103 201 248 361 1231 286 229 12 27 83 438 274 199 425 640 Spaces Moved 8121 | 1 147 57 222 211 401 2282 733 462 31 93 286 145 663 512 556 1319 Core . | . . . . . . . . . . . . . . . . . Treads . | . . . . . . . . . . . . . . . . . Legs 160 | 1 147 10 . . 2 . . . . . . . . . . . Wheels 536 | . . 47 222 211 56 . . . . . . . . . . . Hover . | . . . . . . . . . . . . . . . . . Flight 7425 | . . . . . 343 2282 733 462 31 93 286 145 663 512 556 1319 Fastest Speed 26 | 120 120 90 90 100 29 26 29 29 29 29 29 29 27 29 32 34 Average Speed 37 | 120 120 101 90 113 41 27 30 29 29 29 29 29 29 31 36 35 Slowest Speed 190 | 120 120 190 90 115 140 34 34 29 29 29 29 29 32 32 37 122 Overloaded Moves . | . . . . . . . . . . . . . . . . . Propulsion Burnouts . | . . . . . . . . . . . . . . . . . Robots Hopped 71 | . . . . . 11 8 4 . . . . 3 7 12 4 22 Cave-ins Triggered . | . . . . . . . . . . . . . . . . . Exploration Rate (%) 32 | 2 45 12 60 51 36 54 18 56 9 74 44 3 18 18 13 33 Regions Visited 16 Branch Regions 7 Pre-discovered Areas 3 | . . . 1 1 . . . . . 1 . . . . . . Known Exits Taken 11 | . . . . . 1 1 1 1 1 1 1 1 1 1 1 . Unknown Exits Taken 5 | 1 1 1 1 1 . . . . . . . . . . . . Scrap Searched 5 | . . . . 1 . . . 4 . . . . . . . . Spaces Dug 97 | . . . . . 44 17 4 1 . . . 2 10 1 2 16 Terrain Destroyed 189 | . . . . 18 87 47 4 1 . . . 2 10 1 3 16 Melee 35 | . . . . . 1 17 4 1 . . . 2 10 . . . Projectile 20 | . . . . . . . . . . . . . . 1 3 16 AOE 134 | . . . . 18 86 30 . . . . . . . . . . Terrain Rammed . | . . . . . . . . . . . . . . . . . Walls Destroyed . | . . . . . . . . . . . . . . . . . Machines Disabled . | . . . . . . . . . . . . . . . . . Actions | -11 -10 -10 -10 -9 -8 -7 -6 -6 -6 -6 -5 -5 -4 -3 -2 -1 --------- Run | Jun Mat Min Exi Min Mat Fac Fac Low Low Dat Pro Fac Fac Res Res Acc Total 9855 | . 200 78 223 218 569 2826 781 554 33 92 285 534 714 534 767 1447 Wait 1524 | . 34 3 1 . 130 469 26 88 3 . . 390 44 22 193 121 Move 7967 | . 146 56 221 210 379 2266 724 461 30 92 285 138 649 489 547 1274 Hop 65 | . . . . . 10 7 4 . . . . 3 6 10 4 21 Pick Up 36 | . 3 2 1 2 6 11 3 . . . . 1 . 3 4 . Fast Attach 24 | . 1 . . . 3 3 1 . . . . . 3 4 2 7 Attach 29 | . . 2 . . 6 6 4 2 . . . . 1 3 2 3 Detach 8 | . . . . . 2 4 . 1 . . . . 1 . . . Swap 16 | . . 1 . 2 5 5 . 1 . . . . . . 2 . Drop 39 | . 1 1 . 2 11 13 . . . . . . . 2 7 2 Fire 75 | . 15 13 . 2 16 4 . . . . . . . 1 6 18 Melee 58 | . . . . . 1 38 6 1 . . . 2 10 . . . Ram . | . . . . . . . . . . . . . . . . . Kick . | . . . . . . . . . . . . . . . . . Crush . | . . . . . . . . . . . . . . . . . Escape Stasis 14 | . . . . . . . 13 . . . . . . . . 1 Rewire . | . . . . . . . . . . . . . . . . . Trap . | . . . . . . . . . . . . . . . . . Miscellaneous . | . . . . . . . . . . . . . . . . . Route ------- -11/Junkyard -10/Materials -10/Mines -10/Exiles -9/Mines -8/Materials (discovered 3 exits: *Fac x3) -7/Factory (discovered 6 exits: *Fac x4 / [*Low x2]) -6/Factory (discovered 4 exits: *Low x2 / Ext x2) -6/Lower Caves -6/Lower Caves -6/Data Miner -5/Proximity Caves -5/Factory (discovered 2 exits: *Fac x2) -4/Factory (discovered 4 exits: *Res x4) -3/Research -2/Research (discovered 5 exits: *Acc x3 / Tes x2) -1/Access To Epsilon Eridani History --------- Turn | Location | Event 1 | -11/Junkyard | Discovered new exit (range 0) 1 | -11/Junkyard | Entered Materials 105 | -10/Materials | Discovered new exit (range 11) 258 | -10/Materials | Entered Mines 263 | -10/Mines | Met a Derelict bent on vengeance 301 | -10/Mines | Build established: Mutant 357 | -10/Mines | Deemed a non-threat by the Exiles lab entrance 357 | -10/Mines | Discovered new exit (range 5) 361 | -10/Mines | Entered Exiles 384 | -10/Exiles | Met 8R-AWN 399 | -10/Exiles | Met EX-HEX 428 | -10/Exiles | Met EX-BIN 438 | -10/Exiles | Aligned with FarCom system 439 | -10/Exiles | Given EX-Vault access code 461 | -10/Exiles | Opened EX-Vault 468 | -10/Exiles | Found 0b10 Alert Chip 487 | -10/Exiles | Warned to stay clear of 0b10 Research branches 500 | -10/Exiles | Exiles lab attacked by MAIN.C 526 | -10/Exiles | Learned location of Zion (-7) 552 | -10/Exiles | Discovered new exit (range 14) 562 | -10/Exiles | Left Exiles lab with 0b10 Alert Chip 562 | -10/Exiles | Entered Mines 796 | -9/Mines | Discovered new exit (range 12) 810 | -9/Mines | Entered Materials 810 | -8/Materials | Evolved 4 slots: Propulsion x1, Utility x3 1160 | -8/Materials | Identified exit to Factory 1171 | -8/Materials | Entered Factory 1171 | -7/Factory | Evolved 2 slots: Propulsion x1, Utility x1 1691 | -7/Factory | Build established: Hacker-Sprinter 1920 | -7/Factory | Identified exit to Factory 2121 | -7/Factory | Identified exit to DSF 2206 | -7/Factory | Discovered new exit (range 12) 2215 | -7/Factory | Lost 4 parts (1p2n1w) 2395 | -7/Factory | Discovered new exit (range 11) 2402 | -7/Factory | Entered another Factory area 2402 | -6/Factory | Evolved 2 slots: Utility x2 2501 | -6/Factory | Fabricated Adv. Remote Datajack? 2509 | -6/Factory | Spotted B-75 Beast 2548 | -6/Factory | Identified exit to Lower Caves 2548 | -6/Factory | Identified exit to Extension 2688 | -6/Factory | Entered Lower Caves 2697 | -6/Lower Caves | Learned location of 1 exit from Factory 2889 | -6/Lower Caves | Identified exit to Lower Caves 2908 | -6/Lower Caves | Encountered a Warlord checkpoint 2917 | -6/Lower Caves | Entered another Lower Caves area 2927 | -6/Lower Caves | Discovered new exit (range 5) 2929 | -6/Lower Caves | Identified exit to Data Miner 2929 | -6/Lower Caves | Entered Data Miner 2929 | -6/Data Miner | Discovered new exit (range 6) 2931 | -6/Data Miner | Identified exit to Proximity Caves 2935 | -6/Data Miner | Met Data Miner 2945 | -6/Data Miner | Learned location of Section 7 (-3) 2945 | -6/Data Miner | Acquired the access code to Warlord's prototype stash 2950 | -6/Data Miner | Received God Mode back door access code from Data Miner 2956 | -6/Data Miner | Entered Proximity Caves 2959 | -5/Proximity Caves | Learned Factory security intel 2980 | -5/Proximity Caves | Build established: Hacker-Scout 3035 | -5/Proximity Caves | Discovered new exit (range 8) 3039 | -5/Proximity Caves | Identified exit to Factory 3039 | -5/Proximity Caves | Entered Factory 3039 | -5/Factory | Evolved 2 slots: Propulsion x1, Utility x1 3040 | -5/Factory | Identified exit to Factory 3149 | -5/Factory | Fabricated Adv. System Shield? 3466 | -5/Factory | Discovered exit to Factory (range 5) 3477 | -5/Factory | Entered another Factory area 3477 | -4/Factory | Evolved 2 slots: Power x1, Utility x1 3572 | -4/Factory | Identified exit to Research 3669 | -4/Factory | Lost 3 parts (2n1u) 3751 | -4/Factory | Entered Research 3751 | -3/Research | Evolved 2 slots: Utility x2 3788 | -3/Research | Build established: Wizard-Scout 3932 | -3/Research | Discovered new exit (range 15) 3949 | -3/Research | Identified exit to Research 3950 | -3/Research | Entered another Research area 3950 | -2/Research | Evolved 2 slots: Utility x2 4042 | -2/Research | Identified exit to Testing 4042 | -2/Research | Identified exit to Access 4250 | -2/Research | Build established: Wizard-Mutant 4375 | -2/Research | Entered Access 4375 | -1/Access | Evolved 2 slots: Utility x2 4790 | -1/Access | Build established: Wizard-Scout 5013 | -1/Access | Discovered new exit (range 6) 5015 | -1/Access | Identified exit to Surface 5015 | *** | Escaped! Last Messages --------------- 04968_ Drone sends a signal. 04968_ Penetrated by Slug. 04969_ Antimatter Reactor destroyed. 04973_ Slug penetrates Drone. 04974_ Penetrated by Slug. 04974_ Slug penetrates Wall. 04976_ Slug penetrates Door. 04979_ W-44 Eye sends out distress signal. 04987_ Slug penetrates Sealed Freight Elevator. 04987_ Field Propulsion Array destroyed. 04992_ Slug penetrates P-80 Master. 04992_ Slug penetrates Wall. 05004_ Penetrated by Slug. 05004_ Knocked back. 05012_ Connecting with Terminal... >>Open(Door) Sealed Barrier opened. 05013_ The Access Shell folds into the floor. 05013_ EXIT=FOUND 05015_ EXIT=IDENTIFIED: SURFACE Map ----- +----------------------------------------------------+ | ?????????????????????????????????????????????????? | | ?????????????????????????????????????????????????? | | ?????????????????????????????????????????????????? | | ?????????????????????????????????????????????????? | | ?????????????????????????????????????????????????? | | ?????????????????????????????????????????????????? | | ?????????????????????????????????????????????????? | | ?????????????????????????????????????????????????? | | #????????????????????????????????????????????????? | | #????????????????????????????????????????????????? | | #????????????????????????????????????????????????? | | #????????????????????????????????????????????????? | | #????????????????????????????????????? ?????????? | | #??######????????????????????????????? #????????? | | #?? #???????????????????????????? #????????? | | #? #???????????????????????????? +????????? | | #? " #???????????????????????????# #????????? | | # """ #???????????????????????????# #????????? | | # """ #???????????????????????????# #????????? | | + " #???????????????????###?????# #????????? | | # #??????????########## ####### #????????? | | # #??????????" #????????? | | #? #????BB????" #????????? | | ######+### ???BB????" #????????? | | ????????" #????????? | | ????????" "@ #????????? | | ????????" "" #?????? ? | | ????????" s #??????? | | ########## ???BB????" ss #??????? | | #?????????????BB????" """ """ #????????? | | #???????????????????" """T""" p#???????? | | #???????????????????########## #######sp#???????? | | #????????????????????????????###?????# #?????? | | #????????#???????????????????????????# #???# | | #?????? #???????????????????????????# #???###### | | #???? ! #???????????????????????????# #????????? | | #?? #???????????????????????????# H#????????? | | # #???????????????????????????# #????????? | | + #???????????????????????????# #????????? | | # #??????????????????????????##% "#???????? | | #?? #??????????????????????????# #???????? | | #???? #???????? ?? ??????????????+ #???????? | | #?????? #?????? = #?????????????# ######### | | #????????#?????? #?????????????#! | | #?????????????? #?????????????#" ########## | | #?????????????? #?????????????## #????????? | | #?????????????? #??????????????# #????????? | | ##????????????? #??????????????# #????????? | | ##+##########"" #??????????????# #????????? | | # #"T ! #??????????????# #????????? | +----------------------------------------------------+ Best States ------------- Heat Dissipation 52 Energy Generation 45 Energy Capacity 440 Matter Stores 300 Matter Capacity 300 Sight Range 16 Robot Scan Range 18 Terrain Scan Range 14 Terrain Scan Density 10 ECM Strength 1 Jamming Range 16 Additional Mass Support 9 Utility Shielding 33 Evasion (%) 75 Offensive Hacking 34 Defensive Hacking 44 Item Schematics ----------------- Hacking Suite | -8/Materials | Scanalyzed VTOL Module | -8/Materials | Scanalyzed System Shield | -7/Factory | Scanalyzed Imp. Sensor Array | -7/Factory | Scanalyzed Adv. Weight Redist. System | -7/Factory | Hacked Adv. System Shield | -6/Factory | Hacked Combat Drone Bay | -6/Data Miner | Free Lgt. Regenerative Plating | -6/Data Miner | Free Cld. Nuclear Pulse Thruster | -6/Data Miner | Free Exp. Heat Sink | -6/Data Miner | Free Tri-rail Accelerator | -6/Data Miner | Free Myomer Leg | -6/Data Miner | Free Graphene Brace | -6/Data Miner | Free Hvy. Gauss Cannon | -6/Data Miner | Free Imp. Fusion Compressor | -6/Data Miner | Free Railgun | -6/Data Miner | Free Robot Schematics ------------------ R-10 Processor | -6/Data Miner | Free M-22 Extractor | -6/Data Miner | Free S-27 Virus | -6/Data Miner | Free A-15 Conveyor | -6/Data Miner | Free G-50 Soldier | -6/Data Miner | Free Fabricated ------------ Adv. Remote Datajack | x1 | -6/Factory | Preloaded Adv. System Shield | x1 | -5/Factory Alien Tech Used ----------------- None Achievements -------------- Knowing Is Half The Battle No Signal Challenges ------------ None Game ------ Seed CompositePulseCoupler Manual? 0 Play Time 01:37:40 Cumulative 44.0 hours Start 2023.03.05 @ 20:23:03 End 2023.03.05 @ 21:58:26 Sessions 1 Manual Loads 0 Difficulty Rogue Special Mode None Game No. 53 Rogue 53 Adventurer 0 Explorer 0 Win Type 0 Total 4 Types 4/0/0/0/0/0/0/0/0 Lore% 34 Gallery% 42 Achievement% 38 Wizard Run 0 Options --------- ASCII 0 Keyboard 0 Movement Numpad Keybinds 0 Fullscreen 1 Font 18/SmallcapsGlow Map View 76x50 Tactical HUD 1 Map Filters NONE Filters NONE Steam 1 RUN: b4ab3500-deef-4f49-a29c-cce174e5d316